 Dungeon Crawl Stone Soup version 0.23.2 (webtiles) character file.

Game seed: 9842400528860690839

71 Moltybleed the Firebug (level 4, -2/24 HPs)
             Began as a Deep Elf Fire Elementalist on Apr 2, 2019.
             Slain by a kobold
             ... wielding a +0 short sword
              (5 damage)
             ... on level 2 of the Dungeon.
             The game lasted 00:04:05 (2472 turns).

Moltybleed the Firebug (Deep Elf Fire Elementalist) Turns: 2472, Time: 00:04:06

Health: -2/24      AC:  2    Str:  5    XL:     4   Next: 5%
Magic:  4/11       EV: 13    Int: 21    God:
Gold:   84         SH:  0    Dex: 15    Spells: 7/10 levels left

rFire    . . .     SeeInvis .   g - +1 whip (elec)
rCold    . . .     Gourm    .   (no shield)
rNeg     . . .     Faith    .   a - +0 robe
rPois    .         Spirit   .   (no helmet)
rElec    .         Reflect  .   (no cloak)
rCorr    .         Harm     .   (no gloves)
MR       .....                  (no boots)
Stlth    ++........             (no amulet)
HPRegen  0.08/turn              (no ring)
MPRegen  0.12/turn              (no ring)

@: no status effects
A: no striking features
a: no special abilities


You were on level 2 of the Dungeon.
You were very hungry.

You visited 1 branch of the dungeon, and saw 2 of its levels.

You collected 84 gold pieces.

Inventory:

Hand Weapons
 e - a +0 whip
 g - a +1 whip of electrocution (weapon)
Armour
 a - a +0 robe (worn)
Scrolls
 b - a scroll of identify
 d - 3 scrolls of teleportation {unknown}
 f - a scroll of fog {unknown}


   Skills:
 - Level 2.5 Dodging
 * Level 3.0 Stealth
 + Level 3.7 Spellcasting
 + Level 1.8 Conjurations
 * Level 4.5 Fire Magic


You had 7 spell levels left.
You knew the following spells:

 Your Spells              Type           Power        Failure   Level  Hunger
a - Flame Tongue          Conj/Fire      ###..        3%          1    None
b - Throw Flame           Conj/Fire      ###...       4%          2    ##.....

Your spell library contained the following spells:

 Spells                   Type           Power        Failure   Level  Hunger
 Conjure Flame            Conj/Fire      ###.....     10%         3    ###....
 Inner Flame              Hex/Fire       ##......     14%         3    ###....
 Sticky Flame             Conj/Fire      ###.....     32%         4    ####...
 Fireball                 Conj/Fire      ###.......   67%         5    ######.


Dungeon Overview and Level Annotations

Branches:
Dungeon (2/15)

Altars:

Annotations:
D:2 Jessica


Message History

Aim: a kobold, wielding a +0 short sword The puff of flame hits the kobold.
The kobold is moderately wounded.
The kobold hits you with a +0 short sword!
* * * LOW HITPOINT WARNING * * *
Your magical contamination has completely faded away.
Casting: Throw Flame (safe; 4% risk of failure)
Confirm with . or Enter, or press ? or * to list all spells.
You don't have enough magic to cast that spell.
Unknown command.
You open the large door. The kobold misses you.
There is a large open door here.
Jessica the Apprentice Sorceress comes into view.
She is wielding a +0 club.
There is a large open door here.
You see here a spear.
You are feeling very hungry.
The kobold hits you but does no damage.
You open the door.
The kobold hits you with a +0 short sword.
You die...

<.....#.#.# #.# ......#.#.# ..
#.#### #####.#.#.# ....# #.....
....#.#.#.# ....# #.....
.##.#...#.# ######....# #.....
.#.....##.# #.........# #.....
.#....)...# #.........# #.....
.#...#.#########.........###....รท
...............'@.......#........
.###.#.#########.K......#.#......
.....#.# #........#.#..#'#.
######.# #........#.#..#.##
######.#############..###.#..#...
.................................
######.......####.....)##.(..####
#.......####.###..##.......
#.......+....# ##.##....##.#


You could see a kobold.

Vanquished Creatures
  Natasha (D:2)
  A dart slug (D:2)
  3 bats (D:2)
  4 giant cockroaches
  4 goblins (D:1)
  7 hobgoblins
  3 jackals (D:1)
  A quokka (D:2)
  2 frilled lizards (D:1)
  10 kobolds
  4 rats (D:1)
40 creatures vanquished.

Notes
Turn   | Place    | Note
-------+----------+-------------------------------------------
     0 | D:1      | Moltybleed the Deep Elf Fire Elementalist began the quest
                  | for the Orb.
     0 | D:1      | Reached XP level 1. HP: 10/10 MP: 6/6
   506 | D:1      | Reached XP level 2. HP: 15/15 MP: 2/8
  1011 | D:1      | Reached skill level 4 in Fire Magic
  1324 | D:1      | Learned a level 2 spell: Throw Flame
  1564 | D:2      | Reached XP level 3. HP: 19/19 MP: 6/9
  2400 | D:2      | Noticed Natasha
  2406 | D:2      | Killed Natasha
  2406 | D:2      | Reached XP level 4. HP: 22/24 MP: 11/11
  2455 | D:2      | Noticed Jessica
  2472 | D:2      | Slain by a kobold

Skill      XL: |  1  2  3 |
---------------+----------+-----
Fire Magic     | 4 |  4.5
Stealth        | 3 |  3.0
Dodging        | |  2.5
Spellcasting   | |  3.7
Conjurations   | |  1.8

Action                   |  1- 3 |  4- 6 || total
-------------------------+-------+-------++-------
Melee: Whip              |    20 |     8 ||    28
 Cast: Flame Tongue      |    41 |       ||    41
       Throw Flame       |    21 |     5 ||    26
  Use: Scroll            |     1 |       ||     1
  Eat: Chunk             |     1 |       ||     1
       Ration            |     1 |       ||     1
Armor: Robe              |    12 |     1 ||    13
Dodge: Dodged            |    42 |     7 ||    49
